 Dungeon Crawl Stone Soup version 0.22-a0-166-g5351223 (webtiles) character file.

4781 Amnesiac the Geomancer (level 10, -2/65 HPs)
             Began as a Mummy Earth Elementalist on Feb 13, 2018.
             Was an Initiate of Ashenzari.
             Splashed by an acid dragon's acid (14 damage)
             ... on level 7 of the Dungeon.
             The game lasted 00:25:17 (10677 turns).

Amnesiac the Geomancer (Mummy Earth Elementalist)  Turns: 10677, Time: 00:25:18

Health: -2/65      AC:  1    Str: 12    XL:     10   Next: 23%
Magic:  11/22      EV: 13    Int: 18    God:    Ashenzari [......]
Gold:   107        SH:  0    Dex: 18    Spells: 11/26 levels left

rFire    x . .     SeeInvis +   c - +2 dagger (drain)
rCold    + . .     Gourm    .   (no shield)
rNeg     + + +     Faith    .   o - +0 robe (curse)
rPois    ∞         Spirit   .   r - +1 helmet of Somewhere Else {rN+ SInv}
rElec    .         Reflect  .   (no cloak)
rCorr    .         Harm     .   e - +1 pair of gloves {Dex+3}
MR       +....                  (no boots)
Stlth    +++.......             (no amulet)
HPRegen  0.20/turn              y - +3 ring of protection
MPRegen  0.18/turn              A - +3 ring of dexterity

@: corroded
A: no food or potions, fire vulnerability, cold resistance 1, negative energy
resistance 3, torment resistance, unbreathing
a: Curse Item, Renounce Religion


You were on level 7 of the Dungeon.
You worshipped Ashenzari.
Ashenzari was noncommittal.
You were not hungry.

You visited 2 branches of the dungeon, and saw 9 of its levels.

You collected 353 gold pieces.
You spent 246 gold pieces at shops.

Inventory:

Hand Weapons
 c - a +2 dagger of draining (weapon)
 f - a +0 short sword of venom
Missiles
 b - 106 stones (quivered)
 w - 8 poisoned needles
Armour
 e - a +1 pair of gloves of dexterity (worn)
 j - a +1 ring mail of fire resistance
 o - a cursed +0 robe (worn)
 r - the +1 helmet of Somewhere Else (worn) {rN+ SInv}
   (You found it on level 6 of the Dungeon)

   It protects you from negative energy.
   It lets you see invisible.
 t - a +0 pair of gloves
 z - a +0 buckler
Jewellery
 y - a +3 ring of protection (left hand)
 A - a +3 ring of dexterity (right hand)
Wands
 k - a wand of random effects (15)
 B - a wand of scattershot (6)
Scrolls
 a - 4 scrolls of identify {!r}
 g - 11 scrolls of remove curse {!r}
 h - a scroll of random uselessness {!r, unknown}
 i - a scroll of enchant armour {!r, unknown}
 l - a scroll of silence {!r, unknown}
 m - 3 scrolls of fog {!r}
 n - 2 scrolls of immolation {!r, unknown}
 p - 2 scrolls of teleportation {!r, unknown}
 q - a scroll of blinking {!r, unknown}
 s - a scroll of vulnerability {!r, unknown}
 u - a scroll of magic mapping {!r, unknown}
 v - 2 scrolls of amnesia {!r, unknown}
 x - a scroll of noise {!r, unknown}
Books
 d - a book of Geomancy

   Spells                             Type                      Level
   a - Sandblast                      Earth                        1
   b - Passwall                       Transmutation/Earth          2
   c - Stone Arrow                    Conjuration/Earth            3
   d - Petrify                        Transmutation/Earth          4
   e - Lee's Rapid Deconstruction     Earth                        5


   Skills:
 - Level 1.0 Fighting
 - Level 5.0 Short Blades
 - Level 2.0 Dodging
 - Level 4.0 Stealth
 - Level 4.0 Shields
 + Level 8.5 Spellcasting
 - Level 1.5 Transmutations
 * Level 8.5 Earth Magic


You had 11 spell levels left.
You knew the following spells:

 Your Spells              Type           Power        Failure   Level  Hunger
a - Sandblast             Erth           #####.       1%          1    N/A
b - Passwall              Tmut/Erth      ####......   1%          2    N/A
c - Stone Arrow           Conj/Erth      ###...       4%          3    N/A
d - Lee's Rapid Deconstr  Erth           #####.....   8%          5    N/A
e - Petrify               Tmut/Erth      ####....     12%         4    N/A

Dungeon Overview and Level Annotations

Branches:
Dungeon (8/15)             Temple (1/1) D:7
   Lair: D:8-11

Altars:
Ashenzari
Cheibriados
Dithmenos
Elyvilon
Fedhas
Gozag
Hepliaklqana
Kikubaaqudgha
Makhleb
Nemelex Xobeh
Okawaru
Qazlal
Ru
Sif Muna
Trog
Uskayaw
Vehumet
Wu Jian
Xom
Zin

Shops:
D:5 *[*!(


Innate Abilities, Weirdness & Mutations

You do not eat or drink.
Your flesh is vulnerable to fire.
You are immune to poison.
Your flesh is cold resistant. (rC+)
You are immune to negative energy. (rN+++)
You are immune to unholy pain and torment.
You can survive without breathing.


Message History

Aim: an acid dragon (chance to defeat MR: 54%)
The acid dragon resists with significant effort.
The acid dragon closely misses you.
The acid dragon claws you but does no damage.
Casting: Petrify (safe; 12% risk of failure)
Confirm with . or Enter, or press ? or * to list all spells.
Aiming: Petrify (safe; 12% risk of failure)
Press: ? - help, Shift-Dir - straight line, f - ogre, p - acid dragon
Aim: an ogre, wielding a giant club (chance to defeat MR: 54%)
Okay, then.
Casting: Petrify (safe; 12% risk of failure)
Confirm with . or Enter, or press ? or * to list all spells.
Aiming: Sandblast (safe; 1% risk of failure)
Press: ? - help, Shift-Dir - straight line, f - ogre, p - acid dragon
Aim: an ogre, wielding a giant club The blast of sand hits the ogre.
The ogre is moderately wounded.
b - 109 stones The ogre hits you with a giant club.
The acid dragon bites you. The acid dragon misses you.
Casting: Sandblast (safe; 1% risk of failure)
Confirm with . or Enter, or press ? or * to list all spells.
Aiming: Sandblast (safe; 1% risk of failure)
Press: ? - help, Shift-Dir - straight line, f/p - ogre
Aim: an ogre, wielding a giant club (moderately wounded)
The blast of sand hits the ogre.
The ogre is almost dead.
b - 108 stones The acid dragon spits acid at you.
The splash of acid hits you! The acid corrodes you!
You are splashed with acid!
The acid burns!
The ogre closely misses you.
Unknown command.
Casting: Sandblast (safe; 1% risk of failure)
Confirm with . or Enter, or press ? or * to list all spells.
Aiming: Sandblast (safe; 1% risk of failure)
Press: ? - help, Shift-Dir - straight line, f/p - ogre
Aim: an ogre, wielding a giant club (almost dead)
The blast of sand hits the ogre.
You kill the ogre!
b - 107 stones The acid dragon barely misses you.
The acid dragon claws you.
* * * LOW HITPOINT WARNING * * *
Unknown command.
Casting: Sandblast (safe; 1% risk of failure)
Confirm with . or Enter, or press ? or * to list all spells.
Aiming: Sandblast (safe; 1% risk of failure)
Press: ? - help, Shift-Dir - straight line, f - acid dragon
Aim: an acid dragon (catching its breath)
The blast of sand misses the acid dragon.
b - 106 stones The acid dragon bites you!
* * * LOW HITPOINT WARNING * * *
The acid dragon claws you but does no damage.
Unknown command.
Unknown command.
Unknown command.
Really read
m - 4 scrolls labeled ZAPACZ KOZO {!r}?
As you read the scroll labeled ZAPACZ KOZO {!r}, it crumbles to dust.
The scroll dissolves into smoke.
It was a scroll of fog {!r}.
The acid dragon spits acid at you. The splash of acid hits you!
* * * LOW HITPOINT WARNING * * *
The acid corrodes you!
You are splashed with acid!
The acid burns!
You die...

............# #.##.##.#####.#.
............# #.##.##.# ##.#
............# #.......# ###
............## ####.##########
............8## #####.# #..<..##
..............###.....# #.......
............8..§§###.## #.......
............####D# #.# #.......
............# #@###.# #.....##
...§§.......# ##§§.########..##
§.........§.# ##§###........##
......§..§§.# #.# #(........#
..........§.######.###...###...#
#############....#........##...#
#..# #.##.#####.#####.........##
#..####.##.####.....##...##......
....[...!.....#..##.##.......#.##


You could see an acid dragon.

Vanquished Creatures
  2 dancing weapons (D:4)
  Grinder (D:3)
  The ghost of Azzok the Magician, an amateur DEIE of Vehumet (D:5)
  A spriggan (D:7)
  Duvessa (D:4)
  Menkaure (D:7)
  A black bear (D:7)
  Purgy (D:4)
  2 ice beasts
  A sky beast (D:7)
  2 orc warriors (D:6)
  A phantom (D:7)
  3 ogres
  4 centaurs
  4 bullfrogs
  A scorpion (D:7)
  Dowan (D:4)
  A howler monkey (D:6)
  6 crimson imps
  2 bullfrog zombies
  A bullfrog skeleton (D:7)
  3 orc priests
  A hound (D:7)
  A centaur skeleton (D:8)
  3 worker ants
  An iguana (D:5)
  Natasha (thrice) (D:3)
  7 orc wizards
  A hound skeleton (D:5)
  A hound zombie (D:7)
  9 adders
  3 shadow imps
  An adder skeleton (D:6)
  5 worms
  A dart slug (D:3)
  8 leopard geckos
  16 orcs
  9 bats
  8 giant cockroaches
  10 goblins
  11 hobgoblins
  12 jackals
  2 quokkas
  3 ball pythons
  A frilled lizard (D:2)
  7 kobolds
  5 rats
170 creatures vanquished.

Vanquished Creatures (others)
  The ghost of Borgoz the Skirmisher, an amateur DsAK of Lugonu (D:4)
1 creature vanquished.

Grand Total: 171 creatures vanquished

Notes
Turn   | Place    | Note
-------+----------+-------------------------------------------
     0 | D:1      | Amnesiac the Mummy Earth Elementalist began the quest for the Orb.
     0 | D:1      | Reached XP level 1. HP: 13/13 MP: 4/4
   122 | D:2      | Reached XP level 2. HP: 5/19 MP: 0/5
   636 | D:2      | Found a stormy altar of Qazlal.
  1104 | D:3      | Reached XP level 3. HP: 14/24 MP: 7/7
  1573 | D:4      | Found a hide-covered altar of Uskayaw.
  1573 | D:4      | Noticed a hand axe
  1573 | D:4      | Noticed a dagger
  1579 | D:4      | Killed Borgoz's ghost
  1584 | D:4      | Noticed an ogre
  1589 | D:4      | Found a sparkling altar of Nemelex Xobeh.
  1688 | D:4      | Killed an ogre
  1688 | D:4      | Reached XP level 4. HP: 14/30 MP: 3/10
  1688 | D:4      | Reached XP level 5. HP: 16/35 MP: 3/11
  1864 | D:4      | Noticed Purgy
  1869 | D:4      | Learned a level 2 spell: Passwall
  1874 | D:4      | Learned a level 4 spell: Petrify
  1891 | D:4      | Noticed Natasha
  2231 | D:3      | Found an ornate altar of the Wu Jian Council.
  2382 | D:3      | Reached XP level 6. HP: 22/41 MP: 11/13
  2643 | D:4      | Noticed Duvessa
  2643 | D:4      | Noticed Dowan
  2656 | D:4      | Killed Duvessa
  2656 | D:4      | Reached skill level 5 in Spellcasting
  2656 | D:4      | Reached skill level 5 in Earth Magic
  2972 | D:3      | Killed Natasha
  3059 | D:3      | Noticed Natasha
  3061 | D:3      | Killed Natasha
  3085 | D:3      | Noticed Natasha
  3091 | D:3      | Killed Natasha
  3214 | D:4      | Reached XP level 7. HP: 40/46 MP: 9/15
  3300 | D:4      | Killed Dowan
  3449 | D:4      | Found a bloodstained altar of Trog.
  3647 | D:4      | Killed Purgy
  3676 | D:5      | Entered Level 5 of the Dungeon
  3803 | D:5      | Found Opnytouf's General Store.
  3825 | D:5      | Found Genach's Distillery.
  3857 | D:5      | Found a shimmering altar of Xom.
  3904 | D:5      | Found Kuiny's Antique Weapon Boutique.
  4143 | D:5      | Learned a level 5 spell: Lee's Rapid Deconstruction
  4147 | D:5      | Learned a level 3 spell: Stone Arrow
  4212 | D:5      | Noticed Azzok's ghost (amateur DEIE)
  4359 | D:5      | Killed Azzok's ghost
  4359 | D:5      | Reached XP level 8. HP: 29/52 MP: 0/18
  4572 | D:5      | Found Lusar's Assorted Antiques.
  4581 | D:5      | Bought a scroll labeled KACOEME XEEFRU for 24 gold pieces
  4581 | D:5      | Bought a scroll labeled ZAPACZ KOZO for 24 gold pieces
  4585 | D:5      | Found Suwiocof's Armour Shoppe.
  5221 | D:6      | Found a blossoming altar of Fedhas.
  5246 | D:6      | Got a faintly glowing helmet
  5667 | D:6      | Found an ancient bone altar of Kikubaaqudgha.
  7177 | D:2      | Found an iron altar of Okawaru.
  7622 | D:2      | Found a white marble altar of Elyvilon.
  7803 | D:3      | Noticed Grinder
  7813 | D:3      | Paralysed by Grinder for 6 turns
  7831 | D:3      | Paralysed by Grinder for 5 turns
  8055 | D:3      | Paralysed by Grinder for 2 turns
  8068 | D:3      | Killed Grinder
  8162 | D:3      | Found a shattered altar of Ashenzari.
  8185 | D:3      | Became a worshipper of Ashenzari the Shackled
  8191 | D:3      | Identified the +1 helmet of Somewhere Else {rN+ SInv} (You found it on level 6 of the Dungeon)
  8446 | D:4      | Killed a hand axe
  8446 | D:4      | Reached XP level 9. HP: 57/57 MP: 0/21
  8631 | D:4      | Killed a dagger
  8772 | D:5      | Bought a +1 pair of gloves of dexterity for 198 gold pieces
  8866 | D:7      | Reached skill level 5 in Short Blades
  8916 | D:7      | Reached skill level 1 in Shields
  9065 | D:7      | Noticed Menkaure
  9073 | D:7      | Killed Menkaure
  9251 | D:7      | Reached XP level 10. HP: 63/63 MP: 18/22
  9512 | D:7      | Found a burning altar of Makhleb.
  9733 | D:7      | Found a staircase to the Ecumenical Temple.
  9746 | Temple   | Entered the Ecumenical Temple
  9980 | D:8      | Noticed a centaur warrior
 10424 | D:8      | Reached skill level 1 in Fighting
 10434 | D:8      | Reached skill level 1 in Transmutations
 10677 | D:7      | Splashed by an acid dragon's acid

Vault maps used:
D:1:      shiori_arrival_elements, minmay_misc_feat_five
D:2:      lemuel_coloured_pillars_altar, nicolae_overflow_crystal_walls,
          lemuel_doored_altar
D:3:      cheibrodos_ashenzari_chains, overflow_temple_1_default, first_ration,
          uniq_grinder
D:4:      nemelex_altar_shiori, dancing_weapons_uskayaw, lightli_temple_of_fire,
          uniq_natasha, uniq_duvessa, uniq_purgy
D:5:      kennysheep_little_box, serial_shops, nicolae_shop_crystal, shop,
          nicolae_shop_temple_entry_statues_fountains, shop,
          nicolae_shop_statue_plus
D:6:      lemuel_crystal_altar, basic_altar
D:7:      makhleb_grotto_becter, lemuel_temple_firewalk_b, the_bakery,
          uniq_menkaure
D:8:      minmay_the_grid_square_5x5_3x3, old_standard_altar
Temple:   compressed_dpeg_triangle_lava_temple

Skill      XL: |  1  2  3  4  5  6  7  8  9 10 |
---------------+-------------------------------+-----
Spellcasting   | 3 4 5 7 8 |  8.5
Earth Magic    | 3 4 5 7 8 |  8.5
Short Blades   | 3 5 |  5.0
Stealth        | 3 4 |  4.0
Shields        | 3 4 |  4.0
Dodging        | 2 |  2.0
Fighting       | 1 |  1.0
Transmutations | 1 |  1.5

Action                   |  1- 3 |  4- 6 |  7- 9 | 10-12 || total
-------------------------+-------+-------+-------+-------++-------
Melee: Unarmed           |    12 |       |       |       ||    12
       Dagger            |   128 |    27 |    93 |    46 ||   294
       Short sword       |       |     9 |   227 |       ||   236
 Cast: Sandblast         |    15 |    59 |    67 |    10 ||   151
       Passwall          |       |     1 |    11 |     4 ||    16
       Petrify           |       |     1 |    20 |    17 ||    38
       Lee's Rapid Decon |       |       |    18 |     2 ||    20
  Use: Scroll            |       |     2 |     1 |     1 ||     4
 Stab: Sleeping          |     2 |     2 |     9 |     4 ||    17
       Petrified         |       |       |    55 |     5 ||    60
       Petrifying        |       |       |     2 |     4 ||     6
Armor: Robe              |    36 |     4 |    45 |    22 ||   107
Dodge: Dodged            |   113 |    40 |   201 |    45 ||   399

Table legend:
 A = Spawn XP
 B = Non-spawn XP
 C = Spawn XP percentage of total XP
 D = Spawn monster count
 E = Non-spawn monster count
 F = Spawn count percentage of total count
 G = Total turns spent on level
                    A         B        C        D         E        F      G
               +---------+---------+-------+---------+---------+-------+---------
         Total |       0 |    6830 |   0.0 |       0 |     170 |   0.0 | 10677
               +---------+---------+-------+---------+---------+-------+---------
           D:1 |       0 |      34 |   0.0 |       0 |      18 |   0.0 |   631
           D:2 |       0 |      62 |   0.0 |       0 |      28 |   0.0 |  1527
           D:3 |       0 |     615 |   0.0 |       0 |      33 |   0.0 |  2654
           D:4 |       0 |    2434 |   0.0 |       0 |      15 |   0.0 |  1177
           D:5 |       0 |     638 |   0.0 |       0 |      15 |   0.0 |  1508
           D:6 |       0 |     769 |   0.0 |       0 |      24 |   0.0 |  1337
           D:7 |       0 |    1771 |   0.0 |       0 |      28 |   0.0 |  1531
           D:8 |       0 |     507 |   0.0 |       0 |       9 |   0.0 |   133
               +---------+---------+-------+---------+---------+-------+---------
